Map: Lerilak Crest

Players

LilDicky - Winner!

  • Race: Terran Terran
  • League: Diamond

Fingulfin

  • Race: Protoss Protoss
  • League: Platinum

VOD

http://www.twitch.tv/tumescentpie

Description

Time

  • Played on: Nov. 25, 2015, 9:36 p.m.
  • Length: 7:37
Show
View Real Time Build Order
Export as new Build Order

LilDicky Terran - Winner!

Build Orders: MMM Bio 

Get SALT Encoding   

  12  0:01  SCV  
  13  0:14  SCV  
  14  0:17  Supply Depot  
  14  0:26  SCV  
  15  0:29  Refinery  
  15  0:39  SCV  
  16  0:50  Barracks  
  16  0:51  SCV  
  17  1:03  SCV  
  18  1:15  SCV  
  19  1:27  SCV  
  20  1:38  Supply Depot, Marine  
  20  1:39  SCV  
  21  1:51  Orbital Command  
  21  1:54  Factory  
  21  1:56  Marine  
  22  2:18  Barracks Reactor  
  22  2:23  Barracks  
  22  2:25  Barracks  
  22  2:30  SCV  
  22  2:31  Refinery  
  22  2:42  SCV  
  23  2:56  Supply Depot  
  23  2:57  SCV  
  24  2:59  Widow Mine  
  24  3:05  Marine x2  
  26  3:09  SCV  
  26  3:10  Barracks Tech Lab  
  26  3:12  Barracks Tech Lab  
  29  3:17  Supply Depot  
  29  3:21  SCV  
  29  3:26  Marine x2  
  34  3:34  SCV  
  34  3:36  Stimpack  
  34  3:38  Combat Shields  
  33  3:49  SCV  
  33  3:50  Marine x3  
  33  3:51  Marauder  
  39  4:01  SCV  
  40  4:07  Marine  
  40  4:08  Marauder, Marine  
  44  4:15  Marine  
  44  4:16  SCV  
  44  4:21  Supply Depot  
  44  4:27  Marine  
  44  4:30  Marauder  
  46  4:35  Marine  
  46  4:36  Widow Mine  
  46  4:37  Marauder  
  51  4:39  SCV  
  52  4:46  Starport  
  52  4:56  Marine  
  52  4:57  Marauder  
  55  5:09  SCV  
  56  5:21  SCV  
  57  5:26  Marine x2  
  57  5:27  Marauder  
  57  5:28  Marine  
  60  5:36  Medivac  
  61  5:44  Marine x2  
  61  5:46  Marauder  
  63  5:50  Marauder  
  63  6:03  Marine  
  63  6:04  Marine  
  54  6:08  Marauder  
  57  6:11  Marauder  
  53  6:21  Marine x2  
  54  6:29  Marauder  
  57  6:33  Marauder  
  57  6:39  Marine x2  
  54  6:46  Viking  
  56  6:48  Concussive Shells  
  56  6:50  SCV, Marauder  
  56  6:53  Marine  
  60  6:55  Supply Depot  
  60  6:57  Marine x2  
  62  7:06  Widow Mine  
Show
View Real Time Build Order
Export as new Build Order

Fingulfin Protoss 

Build Orders: Phoenix Opening 

Get SALT Encoding   

  12  0:01  Probe (Chrono Boost)  
  13  0:11  Probe (Chrono Boost)  
  14  0:17  Pylon  
  14  0:22  Probe (Chrono Boost)  
  16  0:35  Probe (Chrono Boost)  
  16  0:37  Gateway  
  16  0:46  Probe (Chrono Boost)  
  17  0:52  Assimilator  
  17  0:56  Probe (Chrono Boost)  
  18  0:57  Pylon  
  18  1:07  Probe (Chrono Boost)  
  19  1:17  Probe (Chrono Boost)  
  20  1:24  Cybernetics Core  
  20  1:27  Assimilator  
  20  1:28  Probe (Chrono Boost)  
  21  1:38  Probe (Chrono Boost)  
  22  1:49  Probe (Chrono Boost)  
  23  2:02  Probe (Chrono Boost)  
  23  2:06  Nexus  
  23  2:09  Stalker (Chrono Boost)  
  25  2:19  Probe  
  25  2:21  Warp Gate  
  26  2:26  Pylon  
  26  2:40  Stalker (Chrono Boost)  
  28  2:45  Stargate  
  28  3:03  Robotics Facility  
  28  3:09  Probe  
  29  3:17  Probe  
  30  3:26  Mothership Core  
  32  3:27  Probe  
  33  3:38  Probe  
  33  3:51  Probe  
  33  3:52  Probe  
  33  3:54  Phoenix  
  33  3:55  Observer  
  38  4:03  Pylon  
  38  4:04  Gateway  
  38  4:05  Probe  
  39  4:10  Probe  
  40  4:19  Probe  
  40  4:20  Probe  
  40  4:21  Phoenix (Chrono Boost)  
  44  4:35  Gateway x2  
  44  4:38  Gateway  
  44  4:39  Pylon  
  44  4:44  Phoenix (Chrono Boost)  
  44  4:45  Observer  
  47  5:05  Stalker x2  
  44  5:26  Probe  
  45  5:29  Stalker x2  
  49  5:41  Phoenix (Chrono Boost)  
  36  5:50  Zealot x2  
  36  5:51  Zealot  
  36  6:11  Stalker x2  
  36  6:17  Mothership Core  
  40  6:23  Zealot x2  
  40  6:24  Zealot  
  44  6:37  Phoenix (Chrono Boost)  
  46  6:44  Stalker  
  46  6:56  Pylon  
  46  7:09  Probe  
  46  7:11  Probe  
  42  7:21  Probe  
  40  7:23  Probe  
  40  7:28  Stalker x3  
Tags
 
Add a new tag
Caveats
  • Supply blocks, unpowered buildings, or Contaminate may cause inaccurate times.
  • Supply counts are checked every 10 seconds.